 Dungeon Crawl Stone Soup version 0.25.1-2-g60ff931df9 (webtiles) character file.

Game seed: 6127260685848542410

3710 sugarjunky the Nimble (level 9, -1/49 HPs)
             Began as a Spriggan Fighter on Nov 11, 2020.
             Was a Priest of the Shining One.
             Slain by an eight-headed hydra (11 damage)
             ... on level 1 of the Lair of Beasts on Nov 12, 2020.
             The game lasted 03:37:29 (14478 turns).

sugarjunky the Nimble (Spriggan Fighter)           Turns: 14478, Time: 03:37:32

Health: -1/49      AC:  6    Str: 18    XL:     9   Next: 91%
Magic:  12/13      EV: 24    Int: 11    God:    the Shining One [***...]
Gold:   309        SH: 14    Dex: 17    Spells: 8/8 levels left

rFire    . . .     SeeInvis +   n - +0 hunting sling
rCold    . . .     Gourm    .   c - +0 buckler
rNeg     + . .     Faith    .   b - +0 robe
rPois    .         Spirit   .   w - +1 hat
rElec    .         Reflect  .   y - +2 cloak
rCorr    .         Harm     .   (gloves unavailable)
MR       +....                  (boots unavailable)
Stlth    ++........             v - amulet of the acrobat
HPRegen  0.16/turn              j - +6 ring of strength
MPRegen  0.13/turn              q - ring of flight

@: mighty, divine shield, glowing, very quick
A: very small, unfitting armour, see invisible, herbivore, speed 3, slow
metabolism 2
a: Divine Shield, Renounce Religion, Evoke Flight


You were on level 1 of the Lair of Beasts.
You worshipped the Shining One.
The Shining One was most pleased with you.
You were not hungry.

You visited 3 branches of the dungeon, and saw 10 of its levels.

You collected 309 gold pieces.

Inventory:

Hand Weapons
 a - a +0 rapier
 n - a +0 hunting sling (weapon)
Missiles
 d - 5 datura-tipped darts
 e - 119 stones (quivered)
 r - a throwing net
 D - 12 poisoned darts
Armour
 b - a +0 robe (worn)
 c - a +0 buckler (worn)
 w - a +1 hat (worn)
 y - a +2 cloak (worn)
Jewellery
 g - an uncursed ring of protection from fire
 j - a +6 ring of strength (left hand)
 k - an uncursed ring of ice
 q - a ring of flight (right hand)
 v - an amulet of the acrobat (around neck)
Wands
 x - a wand of paralysis (2)
 J - a wand of random effects (18)
Scrolls
 m - a scroll of amnesia {unknown}
 o - 4 scrolls of remove curse
 t - 3 scrolls of enchant weapon {unknown}
 u - 8 scrolls of teleportation
 B - 2 scrolls of blinking {unknown}
 C - a scroll of fear {unknown}
 E - a scroll of vulnerability {unknown}
 I - a scroll of noise {unknown}
Potions
 h - a potion of magic
 i - a potion of berserk rage
 s - 3 potions of curing {unknown}
 z - 2 potions of ambrosia {unknown}
 A - 2 potions of flight
 F - 2 potions of degeneration {unknown}
 G - a potion of mutation {unknown}
 H - a potion of haste
Comestibles
 f - 17 rations


   Skills:
 * Level 6.5 Fighting
 - Level 3.5 Short Blades
 * Level 9.3 Slings
 * Level 9.5 Dodging
 - Level 6.7 Stealth
 - Level 2.1 Shields
 + Level 5.0 Invocations


You had 8 spell levels left.
You didn't know any spells.
Your spell library contained the following spells:

 Spells                   Type           Power        Failure   Level  Hunger
 Magic Dart               Conj           #...         45%         1    ##.....
 Blink                    Tloc           N/A          58%         2    ###....
 Call Imp                 Summ           #.......     58%         2    ###....
 Slow                     Hex            #.......     58%         2    ###....
 Conjure Flame            Conj/Fire      #.......     83%         3    ####...
 Mephitic Cloud           Conj/Pois/Air  #.......     83%         3    ####...


Dungeon Overview and Level Annotations

Branches:
Dungeon (8/15)             Temple (1/1) D:4            Lair (1/6) D:8

Altars:
Ashenzari
Cheibriados
Dithmenos
Elyvilon
Fedhas
Gozag
Hepliaklqana
Kikubaaqudgha
Makhleb
Nemelex Xobeh
Okawaru
Qazlal
Ru
Sif Muna
Trog
Uskayaw
Vehumet
Wu Jian
Yredelemnul
Zin
The Shining One

Annotations:
D:2 Sigmund
D:3 2 transporters
D:4 Eustachio
D:5 2 transporters, lllmatko's ghost, novice MiBe


Innate Abilities, Weirdness & Mutations

You are very small and have problems with some larger weapons.
You are too small for most types of armour.
You have supernaturally acute eyesight. (SInv)
You are a herbivore.
You cover ground extremely quickly.
You need to consume almost no food.


Message History

The eight-headed hydra misses you. The eight-headed hydra bites you!
* * * LOW HITPOINT WARNING * * *
You block the eight-headed hydra's attack.
The eight-headed hydra bites you.
* * * LOW HITPOINT WARNING * * *
You feel much better. The eight-headed hydra misses you. x2
The eight-headed hydra completely misses you.
You block the eight-headed hydra's attack.
The eight-headed hydra barely misses you.
The eight-headed hydra completely misses you.
The eight-headed hydra bites you!
The eight-headed hydra completely misses you.
You feel very mighty all of a sudden.
You block the eight-headed hydra's attack.
The eight-headed hydra closely misses you.
You block the eight-headed hydra's attack.
The eight-headed hydra misses you. The eight-headed hydra bites you!
* * * LOW HITPOINT WARNING * * *
The eight-headed hydra bites you!
You die...

### ###
########.###.###
...........[...#####
................@<.#
................D..##
...............(....#
.............†(###.##
................##.#
...............##..#
...............###.#
##.............# #.#
P#........(....###.##


You could see an eight-headed hydra.

Vanquished Creatures
  A spiny frog (Lair:1)
  A polar bear (D:8)
  Prince Ribbit (D:5)
  A hippogriff (D:7)
  A water moccasin (Lair:1)
  An ice beast (D:7)
  2 sky beasts
  2 phantoms (D:7)
  3 ogres
  3 centaurs
  4 bullfrogs
  Blork the orc (D:5)
  A scorpion (D:3)
  5 wights (D:7)
  5 howler monkeys
  A bullfrog zombie (D:7)
  2 crimson imps
  A centaur zombie (D:6)
  A jelly (D:8)
  A bullfrog skeleton (D:4)
  4 orc priests
  4 hounds
  7 orc wizards
  4 worker ants
  A hound skeleton (D:7)
  Robin (D:2)
  4 gnolls
  8 adders
  An ooze (D:3)
  3 worms
  6 dart slugs
  5 leopard geckos
  21 orcs
  3 ball pythons
  2 giant cockroaches
  2 gnoll zombies (D:6)
  16 goblins
  7 hobgoblins
  15 kobolds
  4 quokkas
  7 bats
  9 frilled lizards
  A jackal skeleton (D:7)
  9 rats
182 creatures vanquished.

Notes
Turn   | Place    | Note
-------+----------+-------------------------------------------
     0 | D:1      | sugarjunky the Spriggan Fighter began the quest for the
                  | Orb.
     0 | D:1      | Reached XP level 1. HP: 11/11 MP: 2/2
   184 | D:1      | Reached skill level 1 in Stealth
   227 | D:1      | Reached XP level 2. HP: 16/16 MP: 3/3
   993 | D:1      | Reached XP level 3. HP: 19/19 MP: 4/4
  1150 | D:2      | Noticed Sigmund
  1387 | D:2      | Noticed Robin
  1893 | D:2      | Killed Robin
  1893 | D:2      | Reached skill level 5 in Dodging
  3102 | D:2      | Reached XP level 4. HP: 23/23 MP: 5/5
  4186 | D:2      | Found a glowing golden altar of the Shining One.
  4201 | D:2      | Became a worshipper of the Shining One
  4652 | D:3      | Reached skill level 1 in Slings
  4710 | D:3      | Found a transporter.
  4785 | D:2      | Reached XP level 5. HP: 27/28 MP: 6/6
  5148 | D:3      | Found a transporter.
  5512 | D:4      | Reached * piety under the Shining One
  5553 | D:3      | Reached XP level 6. HP: 10/32 MP: 7/7
  5822 | D:4      | Found a staircase to the Ecumenical Temple.
  5858 | D:4      | Reached skill level 1 in Invocations
  6725 | Temple   | Entered the Ecumenical Temple
  6941 | D:4      | Found a sacrificial altar of Ru.
  7360 | D:4      | Found a stormy altar of Qazlal.
  7363 | D:4      | Found a blossoming altar of Fedhas.
  7365 | D:4      | Found an iron altar of Okawaru.
  7365 | D:4      | Found a sparkling altar of Nemelex Xobeh.
  7379 | D:4      | Found a shimmering blue altar of Sif Muna.
  7379 | D:4      | Found a snail-covered altar of Cheibriados.
  7496 | D:5      | Entered Level 5 of the Dungeon
  7604 | D:5      | Found an ancient bone altar of Kikubaaqudgha.
  7686 | D:5      | Found a transporter.
  7728 | D:5      | Found a transporter.
  7758 | D:5      | Reached XP level 7. HP: 37/37 MP: 9/9
  7804 | D:5      | Noticed Eustachio
  8190 | D:5      | Noticed Blork the orc
  8219 | D:5      | Killed Blork the orc
  8219 | D:5      | Reached skill level 5 in Slings
  8243 | D:5      | Noticed Prince Ribbit
  8284 | D:5      | Killed Prince Ribbit
  8456 | D:5      | Noticed lllmatko's ghost (novice MiBe)
  8468 | D:5      | Found the +2 shield of Resistance {rF+ rC+ MR+}
  9068 | D:6      | Noticed a +0 hand axe
  9070 | D:6      | Noticed a +0 hand axe
  9071 | D:6      | Found a hide-covered altar of Uskayaw.
  9103 | D:6      | Reached XP level 8. HP: 41/42 MP: 11/11
 10208 | D:6      | Found a basalt altar of Yredelemnul.
 10598 | D:7      | Reached ** piety under the Shining One
 10673 | D:7      | Found an opulent altar of Gozag.
 10812 | D:7      | Reached skill level 5 in Fighting
 11160 | D:7      | Noticed a hippogriff
 11242 | D:7      | Killed a hippogriff
 11242 | D:7      | Reached skill level 5 in Stealth
 11383 | D:6      | Reached XP level 9. HP: 47/47 MP: 13/13
 12554 | D:8      | Reached *** piety under the Shining One
 13136 | D:8      | Found a staircase to the Lair.
 13261 | Lair:1   | Entered Level 1 of the Lair of Beasts
 13302 | Lair:1   | Noticed a polar bear
 13355 | D:8      | Killed a polar bear
 13565 | Lair:1   | Noticed a spiny frog
 13637 | Lair:1   | Killed a spiny frog
 13637 | Lair:1   | Reached skill level 5 in Invocations
 13811 | Lair:1   | Noticed a komodo dragon
 14438 | Lair:1   | Noticed an eight-headed hydra
 14478 | Lair:1   | Slain by an eight-headed hydra

Illustrated notes

Levels and vault maps discovered:
D:1:      elethiomel_arrival_quiet, layout_rooms
D:2:      layout_basic, nicolae_tso_swordbearing_angel, first_ration,
          uniq_robin, uniq_sigmund
D:3:      gammafunk_steamed_eel, layout_basic
D:4:      layout_basic, nicolae_ru_path_of_blood, grunt_temple_overflow_open,
          minmay_temple_entry_drinking_statues, uniq_crazy_yiuf_cottage
D:5:      layout_basic, kennysheep_little_box, gammafunk_ghost_mausoleum,
          uniq_eustachio, uniq_blork_the_orc, uniq_prince_ribbit1
D:6:      layout_rooms, dancing_weapons_uskayaw, lemuel_zombie_altar_yredelemnul
D:7:      minmay_bubble_buster, layout_gridville, grunt_gozag_breadcrumbs
D:8:      layout_loops_cross, lair_entry_dummy
Temple:   compressed_dpeg_triangle_lava_temple
Lair:1:   layout_gridlike, grunt_forest_large_clearing_hut

Skill      XL: |  1  2  3  4  5  6  7  8  9 |
---------------+----------------------------+-----
Stealth        | 1 2 3 5 6 |  6.7
Short Blades   | 3 |  3.5
Dodging        | 5 6 7 8 9 |  9.5
Slings         | 1 3 4 6 7 9 |  9.3
Fighting       | 3 4 5 6 |  6.5
Invocations    | 2 3 4 5 |  5.0
Shields        | |  2.1

Action                   |  1- 3 |  4- 6 |  7- 9 || total
-------------------------+-------+-------+-------++-------
Melee: Rapier            |   122 |    24 |    15 ||   161
 Fire: Hunting sling     |       |   283 |   622 ||   905
Throw: Stone             |    83 |    14 |    14 ||   111
       Throwing net      |       |       |     1 ||     1
       Dart              |       |       |     1 ||     1
Invok: Divine Shield     |       |       |     2 ||     2
 Abil: Evoke Flight      |       |     3 |     1 ||     4
Evoke: Wand              |       |       |     8 ||     8
  Use: Potion            |     1 |     1 |     5 ||     7
       Scroll            |       |    11 |    10 ||    21
 Stab: Sleeping          |     2 |     1 |       ||     3
  Eat: Ration            |       |     2 |     3 ||     5
Armor: Robe              |     4 |     2 |    17 ||    23
Dodge: Dodged            |    67 |    52 |   174 ||   293
Block: Buckler           |    33 |    18 |    74 ||   125
